 Dungeon Crawl Stone Soup version 0.17-a0-483-g810ce3f (webtiles) character file.

130779 Chiseanne the Basher (level 17, -1/115 HPs)
             Began as an Octopode Ice Elementalist on Mar 13, 2015.
             Was an Initiate of Gozag.
             Slain by a spectral anaconda (7 damage)
             ... called from beyond by a ghost crab
             ... on level 5 of the Swamp on Apr 8, 2015.
             The game lasted 04:03:53 (56711 turns).

Chiseanne the Basher (Octopode Ice Elementalist)   Turns: 56711, Time: 04:03:54

Health: -1/115     AC:  9    Str: 13    XL:     17   Next: 8%
Magic:  19/43      EV: 20    Int: 19    God:    Gozag
Gold:   1016       SH:  8    Dex: 16    Spells: 10 memorised, 8 levels left

rFire  . . .     SeeInvis +     a - +12 mace of Instant Death {crush, Dex+2}
rCold  + . .     Clarity  +     X - +1 buckler {AC+3}
rNeg   . . .     SustAb   .     M - +2 hat
rPois  +         Gourm    .     k - amulet of clarity
rElec  .         Spirit   .     x - ring of poison resistance
rCorr  .         Warding  .     y - +4 ring of evasion
rMut   .         Stasis   .     m - ring of protection from fire
MR     +....                    L - ring of magical power
Stlth  +++++++...               G - ring of wizardry
                                c - ring of see invisible
                                B - ring of ice
                                W - +3 ring of protection

@: about to teleport, constricted, drained, somewhat resistant to hostile
enchantments, extremely stealthy
A: almost no armour, amphibious, 8 rings, constrict 8, antennae 1, camouflage 1,
clever 1, gelatinous body 1
a: Potion Petition, Call Merchant, Bribe Branch, Renounce Religion


You were on level 5 of the Swamp.
You worshipped Gozag.
Gozag was noncommittal.
You were not hungry.

You visited 5 branches of the dungeon, and saw 33 of its levels.

You collected 13067 gold pieces.
You spent 4668 gold pieces at shops.
You paid 7383 gold pieces to Gozag.

Inventory:

Hand weapons
 a - the +12 mace of Instant Death (weapon) {crush, Dex+2}
   (You found it on level 6 of the Lair of Beasts)

   It inflicts extra damage upon your enemies.
   It affects your dexterity (+2).
 g - the +2 dagger "Skeej" {elec, rPois rC+ MR+ Str-4}
   (You bought it in a shop on level 1 of the Orcish Mines)

   Occasionally, upon striking a foe, it will discharge some electrical energy
   and cause terrible harm.
   It affects your strength (-4).
   It protects you from cold.
   It protects you from poison.
   It affects your resistance to hostile enchantments.
 s - the +1 rapier "Dragonslayer" {drain, +Fly rC- rN+++ MR-}
   (You found it on level 1 of the Lair of Beasts)

   A truly terrible weapon, it drains the life of those it strikes.
   It makes you vulnerable to cold.
   It renders you almost immune to negative energy.
   It affects your resistance to hostile enchantments.
   It lets you fly.
 w - a +0 blowgun
Missiles
 o - 37 poisoned needles
 p - 3 needles of confusion
Armour
 M - a +2 hat (worn)
 X - a +1 buckler of protection (worn)
Magical staves
 q - an uncursed staff of power
 C - an uncursed staff of energy
 E - an uncursed staff of summoning
Jewellery
 c - a ring of see invisible (on tentacle)
 e - an uncursed ring of invisibility
 k - an amulet of clarity (around mantle)
 m - a ring of protection from fire (on tentacle)
 x - a ring of poison resistance (left tentacle)
 y - a +4 ring of evasion (right tentacle)
 B - a ring of ice (on tentacle)
 G - a ring of wizardry (on tentacle)
 L - a ring of magical power (on tentacle)
 W - a +3 ring of protection (on tentacle)
Magical devices
 D - a wand of fireball (2)
 F - a wand of fire (4)
 K - a wand of cold (5)
 Q - a wand of draining (5)
Scrolls
 h - 10 scrolls of remove curse
 r - 2 scrolls of fear
 u - 4 scrolls of magic mapping
 v - 4 scrolls of teleportation
 z - 6 scrolls of identify
 I - 4 scrolls of fog
 S - 6 scrolls of recharging
 T - 4 scrolls of amnesia
Potions
 b - 2 potions of resistance
 i - 9 potions of curing
 l - 8 potions of might
 A - 3 potions of berserk rage
 H - 3 potions of magic
 O - a potion of invisibility
 P - a potion of lignification
 R - 3 potions of haste
 U - 6 potions of restore abilities
 V - 4 potions of cancellation
 Y - a potion of flight
Books
 N - a book of Flames

   Spells                             Type                      Level
   a - Flame Tongue                   Conjuration/Fire             1
   b - Throw Flame                    Conjuration/Fire             2
   c - Conjure Flame                  Conjuration/Fire             3
   d - Inner Flame                    Hexes/Fire                   3
   e - Sticky Flame                   Conjuration/Fire             4
   f - Fireball                       Conjuration/Fire             5
Miscellaneous
 n - a stone of tremors
 t - a phial of floods
 J - a disc of storms
Comestibles
 f - 9 meat rations


   Skills:
 - Level 10.2(9.9) Fighting
 - Level 14.3(13.9) Maces & Flails
 - Level 10.1(9.7) Dodging
 - Level 10.2(9.8) Stealth
 - Level 10.4(10.0) Shields
 - Level 13.8(13.4) Spellcasting
 - Level 1.0(0.7) Conjurations
 * Level 0.2(0.0) Charms
 - Level 3.0(2.7) Necromancy
 - Level 12.0(11.6) Ice Magic


You had 8 spell levels left.
You knew the following spells:

 Your Spells              Type           Power        Failure   Level  Hunger
a - Throw Frost           Conj/Ice       ######       1%          2    None
b - Throw Icicle          Conj/Ice       ######..     1%          4    None
c - Ozocubu's Armour      Chrm/Ice       ######..     1%          3    None
d - Condensation Shield   Ice            ######....   1%          4    None
e - Summon Ice Beast      Ice/Summ       ######..     2%          4    None
f - Control Undead        Necr           ###.......   7%          4    None
g - Apportation           Tloc           ##........   3%          1    None
h - Metabolic Englaciati  Hex/Ice        ######....   6%          5    ####...
i - Enslavement           Hex            ##........   32%         4    None
j - Control Teleport      Chrm/Tloc      ##........   32%         4    None


Dungeon Overview and Level Annotations

Branches:
Dungeon (15/15)            Temple (1/1) D:6            Lair (8/8) D:9
  Swamp (5/5) Lair:3       Spider (0/5) Lair:5        Slime (0/6) Lair:8
    Orc (4/4) D:11            Elf (0/3) Orc:3        Vaults (0/5) D:13
 Depths (0/5) D:15

Altars:
Ashenzari
Cheibriados
Dithmenos
Elyvilon
Fedhas
Gozag
Kikubaaqudgha
Makhleb
Nemelex Xobeh
Okawaru
Qazlal
Ru
Sif Muna
Trog
Vehumet
Xom
Yredelemnul
Zin
The Shining One
Beogh
Jiyva

Shops:
D:7 ((   D:12 !   D:13 :   D:14 (   Orc:1 (   Orc:4 ??   Vaults:2 !
Vaults:3 *

Annotations:
D:7 hornqvist's ghost, experienced OpAs
Orc:4 Eptagon's ghost, powerful GrFE; Saint Roka


Innate Abilities, Weirdness & Mutations

You cannot wear most types of armour.
You are amphibious.
You can wear up to eight rings at the same time.
You can use your tentacles to constrict eight enemies at once.
Your skin changes colour to match your surroundings (Stealth).
Your rubbery body absorbs attacks (AC +1).
You have a pair of small antennae on your head.
Your mind is acute. (Int +2)


Message History

The spectral eight-headed hydra bites you.
* * * LOW HITPOINT WARNING * * *
The spectral eight-headed hydra closely misses you.
The spectral eight-headed hydra misses you. x2
The spectral eight-headed hydra bites you!
* * * LOW HITPOINT WARNING * * *
The spectral eight-headed hydra completely misses you.
The spectral eight-headed hydra misses you.
The spectral swamp drake bites your ice beast but does no damage.
Your ice beast is engulfed in ghostly flame.
Your ice beast completely misses the spectral swamp drake.
Your attempt to break free from the spectral anaconda fails, but you feel that another attempt might succeed.
The spectral eight-headed hydra fades away!
The spectral swamp drake fades away!
The spectral anaconda closely misses you.
The spectral anaconda constricts you.
The spectral fire drake barely misses you.
The spectral anaconda bites you!
You die...
Your body crumbles into a pile of gold.

≈..≈≈≈.≈.♣♣♣♣♣ ♣.≈.♣♣ ♣♣♣♣♣♣♣♣.≈
≈≈.≈≈≈.≈≈..♣♣♣♣♣♣≈≈..♣♣ ♣≈≈§.♣♣≈
.≈≈≈≈≈§...≈≈≈≈.♣♣...≈≈♣ ♣♣≈≈≈≈.♣♣
§§≈≈≈≈≈.≈...≈≈.≈≈.♣≈.§♣♣♣.≈≈≈≈♣♣
♣...≈≈≈≈≈♣P≈...≈≈≈≈≈.≈≈≈≈≈≈≈≈.♣
♣♣≈§≈≈≈≈≈♣.≈...≈≈≈≈≈§.§≈≈≈≈≈≈.♣♣
♣♣♣≈≈.≈≈≈≈≈≈≈≈≈≈≈≈≈≈.≈≈≈≈≈≈≈§.♣
♣♣♣(≈≈..≈≈≈≈≈≈≈≈≈Z≈≈≈♣≈≈≈≈≈.≈≈.♣♣
.≈..≈≈.≈.≈≈≈≈≈≈≈@≈Z≈§≈≈Y.§..≈≈≈≈≈
.≈≈.♣≈♣♣≈.≈≈≈≈≈.≈ZY§≈≈§§...≈.≈≈≈≈
≈≈≈.♣♣♣♣§....≈≈≈.≈§§≈≈≈§≈..≈≈≈≈≈≈
≈≈≈≈≈♣♣♣.≈≈≈≈≈≈§≈.≈≈≈.§§≈..≈.≈≈.§
§≈≈≈≈♣♣..§≈≈≈≈≈≈.♣≈..♣♣♣♣♣(.≈≈..≈
♣≈.≈.♣≈≈≈≈≈≈..≈.♣♣♣♣♣♣ ♣..≈≈#♣♣
§♣≈.♣♣♣.≈≈≈≈≈.≈♣♣ ♣♣.≈≈≈# ≈≈♣♣♣
♣♣.≈≈≈..≈♣ ♣).≈§## ≈≈♣ ♣♣....≈♣♣
♣..≈≈≈Z


You could see a spectral anaconda, a spectral eight-headed hydra, a spectral
fire drake and 2 friendly ice beasts.

Vanquished Creatures
  Rupert (Lair:8)
  A vault guard (D:13)
  A fire dragon (D:15)
  Josephine (D:15)
  An ice dragon (D:15)
  Fannar (Lair:2)
  8 hydras
  A great orb of eyes (D:13)
  3 centaur warriors
  A catoblepas (Lair:4)
  2 ghost crabs
  5 alligators
  A fire crab (Lair:7)
  3 unseen horrors
  3 skeletal warriors (D:15)
  3 spriggan druids
  2 wizards
  14 swamp dragons
  A shambling mangrove (Swamp:5)
  4 hill giants
  4 ugly things
  5 orc sorcerers
  A wolf spider (D:15)
  6 orc knights
  A harpy (D:13)
  3 cyclopes
  A guardian serpent (D:11)
  A hornet (Swamp:2)
  10 elephants
  8 black mambas
  14 spiny frogs
  Joseph (D:7)
  5 yaktaurs (D:15)
  2 swamp worm zombies (Swamp:5)
  Psyche (D:8)
  The ghost of Chiseanne the Magician, an experienced OpWz (D:5)
  3 tengu conjurers
  3 fire drakes
  A queen bee (D:8)
  5 komodo dragons
  3 two-headed ogres
  3 giant leeches
  4 trolls
  A troll (shapeshifter) (D:15)
  Grinder (D:6)
  9 polar bears
  Prince Ribbit (D:9)
  19 blink frogs
  10 ravens
  15 slime creatures
  4 bog bodies (Swamp:5)
  3 wyverns
  2 redbacks (Lair:8)
  4 alligator zombies (Swamp:5)
  14 spriggans
  2 basilisks
  2 deep elf magi
  24 yaks
  2 shadows (Swamp:1)
  2 wraiths (D:15)
  2 trapdoor spiders
  3 hungry ghosts
  A deep elf fighter (D:9)
  Eustachio (D:8)
  Grum (D:9)
  7 hippogriffs
  A mottled dragon (D:13)
  A hog (D:15)
  30 wolves
  15 vampire mosquitoes
  Edmund (D:4)
  A soldier ant (D:15)
  2 wargs
  8 porcupines
  19 insubstantial wisps
  12 water moccasins
  15 swamp worms
  4 black bears (Lair:8)
  8 swamp drakes
  2 swamp dragon zombies (Swamp:5)
  5 ice beasts
  5 sky beasts
  A spider (Lair:5)
  40 orc warriors
  A necrophage (D:10)
  11 ogres
  An eye of draining (D:11)
  4 phantoms
  6 wasps
  3 big kobolds
  14 crocodiles
  11 centaurs
  Duvessa (D:4)
  19 giant frogs
  Blork the orc (D:7)
  A spectral water moccasin (Swamp:5)
  A wyvern zombie (D:14)
  12 scorpions
  3 wyvern skeletons
  18 killer bees
  10 wights
  2 goliath beetles
  Dowan (D:4)
  7 crimson imps
  2 quasits
  2 centaur zombies
  4 electric eels
  A giant frog zombie (D:7)
  A jelly (D:7)
  22 orc priests
  A giant frog skeleton (D:10)
  13 hounds
  10 worker ants
  3 centaur skeletons
  26 orc wizards
  6 iguanas
  A hell rat (Lair:5)
  23 sheep
  A giant frog simulacrum (D:13)
  Ijyb (D:3)
  Jessica (D:2)
  A hound zombie (D:10)
  A hound skeleton (D:5)
  2 worker ant zombies
  Robin (D:3)
  26 adders
  32 river rats
  8 gnolls
  2 shadow imps (D:5)
  3 worms
  2 removed MONS_GIANT_MITEs
  2 adder skeletons
  An adder zombie (D:4)
  13 giant geckos
  2 oozes
  176 orcs
  3 ball pythons
  A bat skeleton (D:6)
  A bat zombie (D:8)
  26 goblins
  28 hobgoblins
  10 jackals
  15 quokkas
  32 bats
  8 giant cockroaches
  A giant gecko skeleton (D:6)
  6 giant newts
  4 giant spores
  25 kobolds
  2 quokka zombies
  23 rats
  6 ballistomycetes
  33 fungi
  39 plants
1223 creatures vanquished.

Vanquished Creatures (collateral kills)
  Kirke (D:15)
  A very ugly thing (D:14)
  8 hydras
  An alligator (Swamp:3)
  2 spriggan druids (Swamp:5)
  A fire crab (Lair:8)
  5 swamp dragons
  A shambling mangrove (Swamp:2)
  A phantasmal warrior (Swamp:5)
  2 orc knights
  An oklob plant (Lair:5)
  5 ugly things (D:15)
  6 elephants
  A black mamba (Lair:3)
  2 torpor snails
  A swamp worm zombie (Swamp:5)
  7 spiny frogs
  10 komodo dragons
  A hydra zombie (Swamp:5)
  3 polar bears
  10 blink frogs
  4 ravens
  3 giant leeches
  8 slime creatures
  10 bog bodies
  A baby alligator (Swamp:5)
  8 spriggans
  A redback (Lair:8)
  A wraith (D:15)
  20 yaks
  2 hippogriffs
  A wyvern (Lair:4)
  8 vampire mosquitoes
  10 wolves
  2 insubstantial wisps (Swamp:1)
  12 swamp worms
  A porcupine (Lair:2)
  10 water moccasins
  3 spiders (Lair:5)
  A spectral blink frog (Swamp:5)
  A swamp drake (Swamp:5)
  4 orc warriors
  3 wasps
  2 black bears (Lair:8)
  A swamp dragon zombie (Swamp:5)
  A sky beast (D:11)
  3 centaurs
  An ogre (Orc:3)
  6 crocodiles
  4 giant frogs
  A killer bee (D:11)
  A vampire bat (Lair:5)
  A hound (Lair:7)
  5 orc priests
  4 hell rats (Lair:5)
  7 orc wizards
  A spectral swamp drake (Swamp:4)
  18 sheep
  A swamp drake zombie (Swamp:5)
  An adder (Lair:4)
  45 river rats
  37 orcs
  3 bats (Lair:5)
  A goblin (Orc:3)
  A quokka (Lair:4)
  A kobold (D:9)
  7 fungi
  5 plants
342 creatures vanquished.

Vanquished Creatures (others)
  An alligator (Swamp:5)
  A ghost crab (Swamp:5)
  A hornet (Swamp:1)
  A water elemental (D:11)
  3 humans (D:15)
  A vampire mosquito (Swamp:1)
  2 insubstantial wisps
  A porcupine (Lair:7)
  196 ice beasts
  A giant frog (Swamp:5)
  A giant frog skeleton (D:8)
  An adder (D:3)
  A gnoll (shapeshifter) (D:15)
  2 orcs (Orc:4)
  A giant spore (D:8)
  2 goblins
  19 fungi
  7 plants
242 creatures vanquished.

Grand Total: 1807 creatures vanquished

Notes
Turn   | Place    | Note
--------------------------------------------------------------
     0 | D:1      | Chiseanne, the Octopode Ice Elementalist, began the quest for the Orb.
     0 | D:1      | Reached XP level 1. HP: 11/11 MP: 3/3
   466 | D:1      | Reached XP level 2. HP: 10/17 MP: 1/4
   608 | D:1      | Learned a level 2 spell: Throw Frost
  1068 | D:1      | Reached XP level 3. HP: 8/21 MP: 0/6
  1698 | D:1      | Reached skill level 4 in Ice Magic
  2251 | D:2      | Reached XP level 4. HP: 27/27 MP: 5/8
  2256 | D:2      | Learned a level 3 spell: Ozocubu's Armour
  2424 | D:2      | Noticed Jessica
  2430 | D:2      | Killed Jessica
  3010 | D:3      | Noticed Robin
  3237 | D:3      | Noticed Ijyb
  3244 | D:3      | Reached XP level 5. HP: 31/31 MP: 7/11
  3255 | D:3      | Killed Ijyb
  3449 | D:3      | Found a glowing silver altar of Zin.
  3460 | D:3      | Reached skill level 5 in Ice Magic
  4047 | D:3      | Killed Robin
  4047 | D:3      | Reached XP level 6. HP: 26/36 MP: 1/15
  5080 | D:4      | Noticed Dowan
  5083 | D:4      | Noticed Duvessa
  5094 | D:4      | Killed Duvessa
  5094 | D:4      | Reached skill level 6 in Ice Magic
  5342 | D:4      | Killed Dowan
  5342 | D:4      | Reached XP level 7. HP: 10/41 MP: 7/18
  5691 | D:4      | Noticed Edmund
  5697 | D:4      | Killed Edmund
  5697 | D:4      | Reached skill level 5 in Spellcasting
  6208 | D:5      | Entered Level 5 of the Dungeon
  6295 | D:5      | HP: 2/41 [orc wizard/magic dart (3)]
  6580 | D:5      | Noticed Chiseanne's ghost (experienced OpWz)
  6650 | D:5      | Killed Chiseanne's ghost
  6650 | D:5      | Reached skill level 7 in Ice Magic
  6650 | D:5      | Reached XP level 8. HP: 44/46 MP: 19/21
  6795 | D:5      | Learned a level 4 spell: Condensation Shield
  6806 | D:5      | Learned a level 4 spell: Throw Icicle
  7185 | D:5      | Reached skill level 8 in Ice Magic
  7264 | D:5      | Learned a level 4 spell: Summon Ice Beast
  7960 | D:6      | Reached XP level 9. HP: 51/51 MP: 12/24
  8276 | D:6      | Found a staircase to the Ecumenical Temple.
  8309 | Temple   | Entered the Ecumenical Temple
  8318 | Temple   | Became a worshipper of Gozag Ym Sagoz the Greedy
  8676 | D:6      | Reached skill level 9 in Ice Magic
  8688 | D:6      | Noticed Grinder
  8707 | D:6      | Killed Grinder
  9248 | D:7      | Noticed Joseph
  9300 | D:7      | Found Qipam's Weapon Boutique.
  9322 | D:7      | Noticed Blork the orc
  9331 | D:7      | Killed Blork the orc
  9690 | D:7      | Noticed hornqvist's ghost (experienced OpAs)
 10023 | D:7      | Learned a level 1 spell: Apportation
 10025 | D:7      | Learned a level 1 spell: Animate Skeleton
 10027 | D:7      | Learned a level 1 spell: Corona
 10030 | D:7      | Found Psioqeom's Antique Weapon Boutique.
 10229 | D:7      | Reached skill level 1 in Fighting
 10331 | D:7      | Killed Joseph
 10331 | D:7      | Reached skill level 1 in Shields
 10331 | D:7      | Reached XP level 10. HP: 43/60 MP: 25/27
 10833 | D:7      | Found Klext's Food Boutique.
 10838 | D:7      | Bought a beef jerky for 21 gold pieces
 10838 | D:7      | Bought a royal jelly for 28 gold pieces
 10838 | D:7      | Bought a beef jerky for 21 gold pieces
 10838 | D:7      | Bought a royal jelly for 28 gold pieces
 10838 | D:7      | Bought a royal jelly for 28 gold pieces
 10838 | D:7      | Bought a beef jerky for 21 gold pieces
 11043 | D:8      | Reached skill level 5 in Stealth
 11691 | D:8      | Noticed Psyche
 11699 | D:8      | Noticed Eustachio
 11898 | D:8      | Noticed a centaur warrior
 11916 | D:8      | Killed a centaur warrior
 12100 | D:8      | Reached skill level 5 in Dodging
 12643 | D:8      | Killed Eustachio
 12722 | D:8      | Killed Psyche
 12804 | D:8      | Reached XP level 11. HP: 63/68 MP: 24/28
 12932 | D:9      | Noticed Grum
 12974 | D:9      | Killed Grum
 13541 | D:9      | Noticed Prince Ribbit
 13566 | D:9      | Killed Prince Ribbit
 14037 | D:9      | Found a staircase to the Lair.
 14048 | Lair:1   | Entered Level 1 of the Lair of Beasts
 14589 | Lair:1   | Got an ancient rapier
 14590 | Lair:1   | Identified the cursed +1 rapier "Dragonslayer" {drain, +Fly rC- rN+++ MR-} (You found it on level 1 of the Lair of Beasts)
 15027 | Lair:1   | Noticed a five-headed hydra
 15052 | Lair:1   | Killed a five-headed hydra
 15216 | Lair:1   | Reached skill level 5 in Fighting
 15482 | Lair:1   | Reached skill level 5 in Shields
 16397 | Lair:2   | Noticed Fannar
 16426 | Lair:2   | Killed Fannar
 16842 | Lair:2   | Reached XP level 12. HP: 78/78 MP: 26/29
 17242 | Lair:2   | Reached skill level 10 in Dodging
 17631 | Lair:2   | Learned a level 5 spell: Metabolic Englaciation
 18486 | Lair:3   | Reached skill level 10 in Stealth
 18619 | Lair:3   | Noticed a six-headed hydra
 18626 | Lair:3   | Killed a six-headed hydra
 19340 | Lair:3   | Found a staircase to the Swamp.
 19772 | Lair:3   | Reached skill level 10 in Ice Magic
 20145 | Lair:4   | Noticed a catoblepas
 20428 | Lair:4   | Killed a catoblepas
 20428 | Lair:4   | Reached skill level 10 in Spellcasting
 21483 | Lair:4   | Reached XP level 13. HP: 53/85 MP: 11/31
 21811 | Lair:4   | Found a staircase to the Swamp.
 22513 | Lair:4   | Reached skill level 11 in Ice Magic
 23397 | Lair:5   | Found a hole to the Spider Nest.
 24999 | Lair:6   | Gained mutation: You have a pair of small antennae on your head. [potion of beneficial mutation]
 25068 | Lair:6   | Got a bloodstained mace
 25069 | Lair:6   | Identified the +12 mace of Instant Death {crush, Dex+2} (You found it on level 6 of the Lair of Beasts)
 26383 | Lair:7   | Reached skill level 12 in Ice Magic
 26539 | Lair:7   | Reached skill level 1 in Maces & Flails
 27490 | Lair:8   | Entered Level 8 of the Lair of Beasts
 27856 | Lair:8   | Reached XP level 14. HP: 91/94 MP: 24/33
 27878 | Lair:8   | Found a viscous altar of Jiyva.
 27880 | Lair:8   | Found a staircase to the Slime Pits.
 28043 | Lair:8   | Noticed Rupert
 28050 | Lair:8   | Paralysed by Rupert for 5 turns
 28064 | Lair:8   | Paralysed by Rupert for 5 turns
 28071 | Lair:8   | Killed Rupert
 28741 | Lair:8   | Reached skill level 5 in Maces & Flails
 31518 | D:9      | Identified Borgnjor's Almanac of Hadjma
 31846 | D:10     | Entered Level 10 of the Dungeon
 32330 | D:10     | Found Sezemek's Distillery.
 32338 | D:10     | Bought a potion of cancellation for 112 gold pieces
 32338 | D:10     | Bought a potion of heal wounds for 70 gold pieces
 32338 | D:10     | Bought a potion of cancellation for 112 gold pieces
 32338 | D:10     | Bought a potion of heal wounds for 70 gold pieces
 32338 | D:10     | Bought a potion of heal wounds for 70 gold pieces
 32338 | D:10     | Bought a potion of agility for 56 gold pieces
 33058 | D:11     | Found Vexe Bie's Magic Scroll Boutique.
 33072 | D:11     | Bought a scroll of summoning for 142 gold pieces
 33072 | D:11     | Bought a scroll of identify for 30 gold pieces
 33072 | D:11     | Bought a scroll of identify for 30 gold pieces
 33072 | D:11     | Bought a scroll of identify for 30 gold pieces
 33072 | D:11     | Bought a scroll of fog for 30 gold pieces
 33470 | D:11     | Reached skill level 10 in Fighting
 33885 | D:11     | Found a roughly hewn altar of Beogh.
 33885 | D:11     | Found a staircase to the Orcish Mines.
 34307 | D:11     | Bought a scroll of teleportation for 45 gold pieces
 34307 | D:11     | Bought a scroll of teleportation for 45 gold pieces
 34307 | D:11     | Bought a scroll of blinking for 112 gold pieces
 34324 | D:12     | Found Bena's Distillery.
 34333 | D:12     | Bought a potion of flight for 48 gold pieces
 34333 | D:12     | Bought a potion of curing for 48 gold pieces
 34333 | D:12     | Bought a potion of curing for 48 gold pieces
 35805 | D:13     | Found Pleadimu's Book Shop.
 35834 | D:13     | Reached XP level 15. HP: 103/103 MP: 25/34
 36178 | D:13     | Reached skill level 10 in Shields
 36382 | D:13     | Found a gate to the Vaults.
 37131 | D:10     | Bought a potion of beneficial mutation for 490 gold pieces
 37131 | D:10     | Bought a potion of might for 56 gold pieces
 37131 | D:10     | Bought a potion of haste for 140 gold pieces
 37131 | D:10     | Bought a potion of restore abilities for 70 gold pieces
 37132 | D:10     | Gained mutation: Your mind is acute. (Int +2) [potion of beneficial mutation]
 37358 | Orc:1    | Entered Level 1 of the Orcish Mines
 37774 | Orc:1    | Found Kaatuch's Antique Weapon Shoppe.
 37958 | Orc:1    | Bought an encrusted dagger for 210 gold pieces
 37958 | Orc:1    | Bought a twisted mace for 240 gold pieces
 37962 | Orc:1    | Identified the +2 dagger "Skeej" {elec, rPois rC+ MR+ Str-4} (You bought it in a shop on level 1 of the Orcish Mines)
 37964 | Orc:1    | Identified the cursed +0 mace of Hotooxt {elec, Int+2} (You bought it in a shop on level 1 of the Orcish Mines)
 38998 | Orc:3    | Found a staircase to the Elven Halls.
 39983 | Orc:4    | Entered Level 4 of the Orcish Mines
 40245 | Orc:4    | Found a roughly hewn altar of Beogh.
 40275 | Orc:4    | Found a roughly hewn altar of Beogh.
 40317 | Orc:4    | Noticed Eptagon's ghost (powerful GrFE)
 40642 | Orc:4    | Found a roughly hewn altar of Beogh.
 41088 | Orc:4    | Found a roughly hewn altar of Beogh.
 41156 | Orc:4    | Found a roughly hewn altar of Beogh.
 41177 | Orc:4    | Found Zeoda's Magic Scroll Shoppe.
 41183 | Orc:4    | Bought a scroll of silence for 97 gold pieces
 41183 | Orc:4    | Bought a scroll of torment for 97 gold pieces
 41183 | Orc:4    | Bought a scroll of recharging for 123 gold pieces
 41183 | Orc:4    | Bought a scroll of identify for 26 gold pieces
 41183 | Orc:4    | Bought a scroll of immolation for 45 gold pieces
 41211 | Orc:4    | Found a roughly hewn altar of Beogh.
 41222 | Orc:4    | Found Tej Ant's Magic Scroll Boutique.
 41252 | Orc:4    | Bought a scroll of enchant armour for 97 gold pieces
 41252 | Orc:4    | Bought a scroll of teleportation for 39 gold pieces
 41252 | Orc:4    | Bought a scroll of random uselessness for 13 gold pieces
 41252 | Orc:4    | Bought 3 scrolls of fear for 136 gold pieces
 41255 | Orc:4    | Bought a scroll of fear for 45 gold pieces
 41255 | Orc:4    | Bought a scroll of silence for 97 gold pieces
 41255 | Orc:4    | Bought a scroll of remove curse for 39 gold pieces
 41376 | Orc:4    | Reached skill level 10 in Maces & Flails
 41812 | Orc:4    | Noticed Saint Roka
 42025 | D:10     | Bought a potion of mutation for 35 gold pieces
 42144 | D:7      | Bought a meat ration for 70 gold pieces
 42144 | D:7      | Bought a meat ration for 70 gold pieces
 42144 | D:7      | Bought a meat ration for 70 gold pieces
 42144 | D:7      | Bought a meat ration for 70 gold pieces
 42144 | D:7      | Bought a bread ration for 70 gold pieces
 42313 | D:11     | Bought a scroll of recharging for 142 gold pieces
 42313 | D:11     | Bought a scroll of amnesia for 52 gold pieces
 42335 | D:12     | Bought a potion of haste for 160 gold pieces
 42335 | D:12     | Bought a potion of might for 64 gold pieces
 42335 | D:12     | Bought a potion of berserk rage for 80 gold pieces
 42335 | D:12     | Bought a potion of resistance for 160 gold pieces
 42746 | D:14     | Found Yrocziop's Weapon Boutique.
 43840 | D:12     | Bought 3 potions of heal wounds for 240 gold pieces
 43840 | D:12     | Bought a potion of restore abilities for 80 gold pieces
 43919 | D:15     | Entered Level 15 of the Dungeon
 43959 | D:15     | Found a shadowy altar of Dithmenos.
 44195 | D:15     | Noticed Josephine
 44210 | D:15     | Killed Josephine
 44817 | D:15     | Found a staircase to the Depths.
 44955 | D:15     | Noticed Kirke
 44974 | D:15     | Killed Kirke
 45941 | D:11     | Reached XP level 16. HP: 109/109 MP: 34/34
 46096 | Lair:1   | Learned a level 4 spell: Control Undead
 46101 | Lair:1   | Learned a level 4 spell: Enslavement
 46106 | Lair:1   | Learned a level 4 spell: Control Teleport
 46214 | Swamp:1  | Entered Level 1 of the Swamp
 46527 | Swamp:1  | Reached skill level 13 in Maces & Flails
 48880 | Swamp:2  | Reached skill level 14 in Maces & Flails
 50032 | Swamp:2  | Reached skill level 1 in Necromancy
 52621 | Swamp:3  | Upgraded the game from 0.17-a0-72-gd614ac0 to 0.17-a0-77-gee7a2f2
 53394 | Swamp:5  | Entered Level 5 of the Swamp
 53420 | Swamp:5  | Upgraded the game from 0.17-a0-77-gee7a2f2 to 0.17-a0-227-gf5308cc
 54803 | Swamp:5  | Upgraded the game from 0.17-a0-227-gf5308cc to 0.17-a0-483-g810ce3f
 55120 | Swamp:5  | Reached XP level 17. HP: 47/115 MP: 18/34
 56711 | Swamp:5  | Slain by a spectral anaconda

Action                   |  1- 3 |  4- 6 |  7- 9 | 10-12 | 13-15 | 16-18 || total
-------------------------+-------+-------+-------+-------+-------+-------++-------
Melee: Unarmed           |     6 |       |       |       |    82 |       ||    88
       Club              |    23 |       |       |       |       |       ||    23
       Short sword       |    23 |     4 |       |       |       |       ||    27
       Long sword        |       |    50 |       |       |       |       ||    50
       Rapier            |       |       |   180 |   546 |   114 |       ||   840
       Mace              |       |       |       |       |   932 |   222 ||  1154
 Fire: Blowgun           |       |     9 |       |     8 |     9 |       ||    26
Throw: Throwing net      |       |       |       |     1 |       |       ||     1
 Cast: Freeze            |    23 |    35 |    16 |     5 |       |       ||    79
       Throw Frost       |     8 |    69 |   106 |    97 |    58 |     7 ||   345
       Ozocubu's Armour  |       |    10 |    24 |    92 |   137 |    26 ||   289
       Condensation Shie |       |       |    15 |       |     1 |       ||    16
       Summon Ice Beast  |       |       |       |   112 |   324 |   181 ||   617
       Throw Icicle      |       |       |       |    51 |   237 |   288 ||   576
       Metabolic Englaci |       |       |       |     3 |     4 |       ||     7
       Control Undead    |       |       |       |       |       |     2 ||     2
Invok: Call Merchant     |       |       |       |     2 |     4 |     1 ||     7
Evoke: Wand              |       |     4 |     7 |    11 |    26 |       ||    48
       Phial of floods   |       |       |       |       |     4 |       ||     4
  Use: Scroll            |     1 |     8 |     8 |    13 |    26 |     7 ||    63
       Potion            |       |       |     6 |     4 |    12 |     8 ||    30
 Stab: Sleeping          |     5 |     5 |    15 |    20 |    28 |     1 ||    74
       Distracted        |       |       |       |     5 |    12 |     4 ||    21
  Eat: Chunk             |     2 |    15 |    10 |       |       |       ||    27
       Bread ration      |     1 |       |     2 |     5 |    11 |     5 ||    24
       Beef jerky        |       |       |       |    10 |     4 |       ||    14
       Royal jelly       |       |       |       |     3 |       |       ||     3
       Fruit             |       |       |       |    18 |    10 |       ||    28
       Meat ration       |       |       |       |       |     8 |     3 ||    11
       Pizza             |       |       |       |       |     1 |     1 ||     2
